 Dungeon Crawl Stone Soup version 0.17.1-1-g73c8601 (webtiles) character file.

7282 PossumBlood the Cleaver (level 11, -2/93 HPs)
             Began as a Formicid Fighter on Jan 8, 2016.
             Was an Elder of Okawaru.
             Slain by a yak (13 damage)
             ... on level 9 of the Dungeon.
             The game lasted 00:33:26 (10895 turns).

PossumBlood the Cleaver (Formicid Fighter)         Turns: 10895, Time: 00:33:26

Health: -2/93      AC: 10    Str: 24    XL:     11   Next: 34%
Magic:  11/11      EV:  8    Int:  8    God:    Okawaru [****..]
Gold:   319        SH:  9    Dex: 10    Spells: 0 memorised, 10 levels left

rFire  . . .     SeeInvis +     a - +2 war axe
rCold  . . .     Clarity  .     b - +0 scale mail
rNeg   . . .     SustAt   .     c - +0 shield
rPois  .         Gourm    .     (helmet unavailable)
rElec  .         Spirit   .     (no cloak)
rCorr  .         Warding  .     s - +1 pair of gloves
rMut   .         Stasis   +     (no boots)
MR     +....                    (no amulet)
Stlth  ..........               (no ring)
                                (no ring)

@: somewhat resistant to hostile enchantments, extremely unstealthy
A: permanent stasis, dig shafts and tunnels, four strong arms, antennae 3,
breathe flames 1
a: Dig, Shaft Self, Heroism, Renounce Religion, Breathe Fire


You were on level 9 of the Dungeon.
You worshipped Okawaru.
Okawaru was greatly pleased with you.
You were not hungry.

You visited 2 branches of the dungeon, and saw 10 of its levels.

You collected 525 gold pieces.
You spent 206 gold pieces at shops.

Inventory:

Hand Weapons
 a - a +2 war axe (weapon)
 n - a +2 hand axe
 o - a +3 battleaxe
 w - the +3 rapier of Defiance {antimagic, rF+ rN+ Str+2, unknown}
   (You found it on level 6 of the Dungeon)

   It disrupts the flow of magical energy around spellcasters and certain
   magical creatures (including the wielder).
   It affects your strength (+2).
   It protects you from fire.
   It protects you from negative energy.
Armour
 b - a +0 scale mail (worn)
 c - a +0 shield (worn)
 s - a +1 pair of gloves (worn)
Wands
 f - a wand of confusion (27)
 g - a wand of enslavement (11)
 k - a wand of fireball (10)
 p - a wand of lightning (7)
 t - a wand of digging (7)
 v - a wand of lightning (5)
Scrolls
 e - a scroll of enchant armour
 m - 4 scrolls of amnesia
 y - 3 scrolls of remove curse
Potions
 h - a potion of flight
 i - 4 potions of agility
 l - 3 potions of mutation
 A - 3 potions of lignification
Miscellaneous
 d - a box of beasts
Comestibles
 j - 3 bread rations
 q - 2 meat rations


   Skills:
 - Level 11.2 Fighting
 + Level 11.8 Axes
 + Level 8.0 Armour
 - Level 3.6 Shields


You had 10 spell levels left.
You didn't know any spells.

Dungeon Overview and Level Annotations

Branches:
Dungeon (9/15)             Temple (1/1) D:6
   Lair: D:8-11         Orc: D:9-12

Altars:
Ashenzari
Cheibriados
Dithmenos
Elyvilon
Fedhas
Gozag
Kikubaaqudgha
Makhleb
Nemelex Xobeh
Okawaru
Qazlal
Ru
Sif Muna
Trog
Vehumet
Xom
Yredelemnul
Zin
The Shining One

Shops:
D:4 ?   D:5 !

Annotations:
D:8 exclusion: ice statue


Innate Abilities, Weirdness & Mutations

You are under a permanent stasis effect.
You can dig through walls and to a lower floor.
Your four strong arms can wield two-handed weapons with a shield.
You have a pair of large antennae on your head (SInv).
You can breathe flames.


Message History

The worker ant bites you.
* * * LOW HITPOINT WARNING * * *
The worker ant bites you.
* * * LOW HITPOINT WARNING * * *
The yak snorts and paws the ground.
You see here 20 arrows.
The worker ant closely misses you. The worker ant barely misses you.
You hit the worker ant.
You kill the worker ant!
Okawaru accepts your kill.
Drink which item? (? for menu, Esc to quit)
Okay, then.
The yak snorts and paws the ground.
You hit the yak.
The yak is lightly wounded.
The yak snorts and paws the ground.
You block the yak's attack. The yak gores you!
You die...

#.# #.# ######
#######.########....# ###
#....†Y.....(.......# #.#
####.#####.#######.....#####.####
.......................'>........
####Y##.######.........#####.####
........# #.#.#.....# #.#
........######.#@#.....# #.####
.............Y.Y.#Y....# #.##..
...####.######.#.#.....# ###.##.#
...# #..#####.."#.#######......#
...# #(.#...###.#.# #...(.)...#
...# #......# #.#.# #.........#
...# #.#....# #.#.# ######....#
.[.####......###.#.#### #....#
.................#....+#####.....


You could see 2 yaks.

Vanquished Creatures
  Erolcha (D:8)
  Pikel (D:9)
  Psyche (D:7)
  A spriggan (D:9)
  Eustachio (D:4)
  A yak (D:9)
  A hungry ghost (D:7)
  2 steam dragons (D:6)
  6 humans (D:7)
  Edmund (D:5)
  3 porcupines (D:9)
  2 sky beasts (D:8)
  3 slaves (D:9)
  An orc warrior (D:9)
  3 phantoms
  A black bear (D:8)
  3 ogres
  A crocodile (D:9)
  An eye of draining (D:9)
  2 centaurs
  6 big kobolds
  A wyvern zombie (D:7)
  A scorpion (D:7)
  8 killer bees
  8 wights
  4 crimson imps
  2 orc priests (D:7)
  A giant frog zombie (D:5)
  2 giant frog skeletons
  9 hounds
  7 worker ants
  A centaur zombie (D:7)
  4 orc wizards
  A sheep (D:7)
  3 iguanas
  A hound skeleton (D:4)
  A hound zombie (D:6)
  10 gnolls
  11 adders
  A worker ant zombie (D:8)
  3 river rats (D:9)
  A shadow imp (D:6)
  An adder zombie (D:8)
  5 worms
  An adder skeleton (D:5)
  4 giant geckos
  18 orcs
  5 ball pythons
  36 goblins
  30 hobgoblins
  12 jackals
  19 kobolds
  3 quokkas
  10 bats
  4 giant cockroaches
  6 giant newts
  2 jackal skeletons
  9 rats
287 creatures vanquished.

Vanquished Creatures (others)
  A giant frog (D:7)
  2 killer bees (D:7)
  6 fungi
  2 plants (D:9)
11 creatures vanquished.

Grand Total: 298 creatures vanquished

Notes
Turn   | Place    | Note
--------------------------------------------------------------
     0 | D:1      | PossumBlood the Formicid Fighter began the quest for the Orb.
     0 | D:1      | Reached XP level 1. HP: 18/18 MP: 1/1
    30 | D:1      | Reached XP level 2. HP: 22/24 MP: 2/2
   211 | D:1      | Reached skill level 4 in Fighting
   215 | D:1      | Reached XP level 3. HP: 27/30 MP: 3/3
   448 | D:2      | Found a shimmering altar of Xom.
   448 | D:2      | Found a bloodstained altar of Trog.
   839 | D:2      | Reached XP level 4. HP: 25/38 MP: 4/4
  1955 | D:3      | Reached XP level 5. HP: 43/43 MP: 5/5
  2518 | D:4      | Noticed an ogre
  2532 | D:4      | Killed an ogre
  2532 | D:4      | Reached skill level 5 in Fighting
  2532 | D:4      | Reached XP level 6. HP: 31/51 MP: 6/6
  2746 | D:4      | Reached skill level 5 in Axes
  2821 | D:4      | Found Ublikirr's Magic Scroll Shop.
  2824 | D:4      | Bought a scroll of enchant armour for 97 gold pieces
  2852 | D:4      | Reached XP level 7. HP: 57/57 MP: 7/7
  2906 | D:4      | Reached skill level 6 in Fighting
  2925 | D:4      | Noticed a phantom
  2961 | D:4      | Killed a phantom
  3008 | D:4      | Noticed Eustachio
  3021 | D:4      | Killed Eustachio
  3291 | D:4      | Found a white marble altar of Elyvilon.
  3572 | D:4      | Found a sparkling altar of Nemelex Xobeh.
  3662 | D:4      | Bought a scroll of remove curse for 39 gold pieces
  3676 | D:5      | Entered Level 5 of the Dungeon
  3676 | D:5      | Found Eqafewerph's Distillery.
  3683 | D:5      | Bought a potion of heal wounds for 70 gold pieces
  3712 | D:5      | Reached skill level 7 in Fighting
  3712 | D:5      | Reached XP level 8. HP: 29/67 MP: 8/8
  4029 | D:5      | Noticed Edmund
  4037 | D:5      | Killed Edmund
  4044 | D:5      | Reached skill level 8 in Fighting
  4514 | D:5      | Found a glowing silver altar of Zin.
  4567 | D:5      | Reached XP level 9. HP: 75/75 MP: 9/9
  4991 | D:6      | Found a shattered altar of Ashenzari.
  5087 | D:6      | Found a staircase to the Ecumenical Temple.
  5092 | Temple   | Entered the Ecumenical Temple
  5181 | Temple   | Became a worshipper of Warmaster Okawaru
  5571 | D:6      | You fall through a shaft!
  5577 | D:7      | Reached skill level 9 in Fighting
  5943 | D:7      | Noticed Psyche
  5990 | D:7      | Reached * piety under Okawaru
  6108 | D:7      | Reached skill level 10 in Fighting
  6113 | D:7      | Killed Psyche
  6316 | D:7      | Reached XP level 10. HP: 50/86 MP: 10/10
  6487 | D:7      | Reached ** piety under Okawaru
  6828 | D:7      | Reached skill level 10 in Axes
  6943 | D:7      | Reached skill level 11 in Fighting
  8342 | D:6      | Got an ancient rapier
  8378 | D:6      | Found a burning altar of Makhleb.
  9009 | D:6      | Reached skill level 5 in Armour
  9166 | D:8      | Reached *** piety under Okawaru
  9309 | D:8      | Gained mutation: You can breathe flames. [potion of beneficial mutation]
  9331 | D:8      | Found a glowing golden altar of the Shining One.
  9710 | D:8      | Noticed an ice statue
  9836 | D:8      | Noticed Erolcha
  9859 | D:8      | Killed Erolcha
  9859 | D:8      | Reached **** piety under Okawaru
  9859 | D:8      | Reached XP level 11. HP: 31/93 MP: 11/11
 10497 | D:9      | Noticed Pikel
 10516 | D:9      | Killed Pikel
 10839 | D:9      | HP: 1/93 [basilisk (6)]
 10862 | D:9      | HP: 3/93 [worker ant (3)]
 10895 | D:9      | Slain by a yak

Action                   |  1- 3 |  4- 6 |  7- 9 | 10-12 || total
-------------------------+-------+-------+-------+-------++-------
Melee: War axe           |    79 |   172 |   282 |   379 ||   912
       Hand axe          |       |       |    15 |       ||    15
Invok: Heroism           |       |       |       |     1 ||     1
 Abil: Dig               |       |       |     1 |     1 ||     2
       Shaft Self        |       |       |     1 |       ||     1
  Use: Scroll            |       |    13 |     6 |     6 ||    25
       Potion            |       |     1 |     4 |    11 ||    16
  Eat: Bread ration      |       |     1 |     2 |     2 ||     5
       Fruit             |       |     3 |     6 |       ||     9
       Meat ration       |       |       |       |     2 ||     2
